 Dungeon Crawl Stone Soup version 0.26-a0-846-gcc8f1ee719 (webtiles) character file.

Game seed: 4245090931205899971

129 thedisplayname the Insei (level 5, -3/33 HPs)
             Began as an Octopode Transmuter on Nov 19, 2020.
             Slain by Duvessa
             ... wielding a +0 rapier
              (4 damage)
             ... on level 4 of the Dungeon.
             The game lasted 00:08:51 (3415 turns).

thedisplayname the Insei (Octopode Transmuter)      Turns: 3415, Time: 00:08:53

Health: -3/33      AC:  1    Str: 10    XL:     5   Next: 12%
Magic:  8/8        EV: 14    Int: 15    God:
Gold:   59         SH:  0    Dex: 13    Spells: 8/9 levels left

rFire    . . .     SeeInvis .   m - +8 short sword of Grace {vorpal, rC+}
rCold    + . .     Faith    .   (no shield)
rNeg     . . .     Spirit   .   (helmet restricted)
rPois    .         Reflect  .   (no amulet)
rElec    .         Harm     .   c - ring of stealth
rCorr    .         Rampage  .   d - ring of attention (curse)
MR       .....                  (no ring)
Stlth    ++++......             (no ring)
HPRegen  0.11/turn              (no ring)
MPRegen  0.11/turn              (no ring)
                                (no ring)
                                (no ring)

@: attractive
A: almost no armour, stealthy swim, amphibious, 8 rings, constrict 8, camouflage
1, gelatinous body 1
a: no special abilities


You were on level 4 of the Dungeon.
You visited 1 branch of the dungeon, and saw 4 of its levels.

You collected 299 gold pieces.
You spent 240 gold pieces at shops.

Inventory:

Hand Weapons
 e - a +0 hand axe of freezing
 m - the +8 short sword of Grace (weapon) {vorpal, rC+}
   (You bought it in a shop on level 4 of the Dungeon)

   It inflicts extra damage upon your enemies.
   It protects you from cold.
Jewellery
 c - a ring of stealth (left tentacle)
 d - a cursed ring of attention (right tentacle)
 f - a +6 ring of dexterity {unknown}
Scrolls
 a - a scroll of teleportation
 i - a scroll of enchant armour
 n - a scroll of immolation {unknown}
Potions
 b - 2 potions of attraction
 g - 2 potions of mutation {unknown}
 h - a potion of curing {unknown}
 j - a potion of haste {unknown}
 k - a potion of berserk rage {unknown}
 l - a potion of magic {unknown}


   Skills:
 - Level 1.1 Fighting
 * Level 0.0 Short Blades
 - Level 2.7 Dodging
 - Level 1.6 Stealth
 - Level 4.3 Unarmed Combat
 + Level 2.5 Spellcasting
 * Level 2.6 Transmutations


You had 8 spell levels left.
You knew the following spells:

 Your Spells              Type           Power        Failure   Level
a - Beastly Appendage     Tmut           #.....       7%          1

Your spell library contained the following spells:

 Spells                   Type           Power        Failure   Level
 Wereblood                Tmut           #.......     11%         2
 Spider Form              Tmut/Pois      #.........   36%         3
 Ice Form                 Ice/Tmut       #.......     77%         4
 Blade Hands              Tmut           #.........   89%         5


Dungeon Overview and Level Annotations

Branches:
Dungeon (4/15)
 Temple: D:4-7

Altars:
Trog

Shops:
D:4 ([

Annotations:
D:4 Duvessa


Innate Abilities, Weirdness & Mutations

You cannot wear most types of armour.
You are very stealthy in the water. (Stealth+)
You are amphibious.
You can wear up to eight rings at the same time.
You can use your tentacles to constrict eight enemies at once.
Your skin changes colour to match your surroundings (Stealth+).
Your rubbery body absorbs attacks. (AC +1, EV +1)


Message History

Duvessa is lightly wounded.
You constrict Duvessa, but do no damage.
Duvessa hits you but does no damage.
You barely miss Duvessa.
Duvessa is lightly wounded.
You constrict Duvessa, but do no damage.
Duvessa barely misses you. Duvessa misses you.
You hit Duvessa.
Duvessa is moderately wounded.
You constrict Duvessa, but do no damage.
Duvessa closely misses you.
You hit Duvessa.
Duvessa is moderately wounded.
You constrict Duvessa, but do no damage.
Duvessa completely misses you. Duvessa hits you with a +0 rapier!
* * * LOW HITPOINT WARNING * * *
It was a potion of attraction.
You feel attractive to monsters.
You constrict Duvessa. Duvessa hits you with a +0 rapier.
You die...

................#
......####......# .#
......# #......# .##
####.## #......# ?..#
..# #......# ..... ....
#......###..... #....#
#......#≈≈≈....
#..........#..#≈≈≈≈≈...
.#......#...@≈∩≈≈##$
........e≈≈.≈≈#
.###......≈.≈##
#.........##
#...........
.............
.............
.............#


You could see Duvessa (berserk).

Vanquished Creatures
  Dowan (D:4)
  2 adders (D:2)
  3 worms (D:2)
  2 dart slugs (D:2)
  A leopard gecko (D:2)
  A ball python (D:2)
  3 giant cockroaches
  5 goblins
  8 hobgoblins
  3 jackals (D:4)
  6 kobolds
  A quokka (D:2)
  11 bats
  3 frilled lizards
  A rat (D:1)
51 creatures vanquished.

Vanquished Creatures (others)
  A wizard (D:3)
  A plant (D:1)
2 creatures vanquished.

Grand Total: 53 creatures vanquished

Notes
Turn   | Place    | Note
-------+----------+-------------------------------------------
     0 | D:1      | thedisplayname the Octopode Transmuter began the quest for
                  | the Orb.
     0 | D:1      | Reached XP level 1. HP: 13/13 MP: 3/3
   179 | D:1      | Reached XP level 2. HP: 16/18 MP: 5/5
   757 | D:1      | You fall into a shaft and drop 1 floor!
  1178 | D:2      | Reached XP level 3. HP: 21/23 MP: 6/6
  1748 | D:2      | Reached skill level 1 in Stealth
  1848 | D:2      | Reached XP level 4. HP: 10/28 MP: 7/7
  2123 | D:2      | Reached skill level 4 in Unarmed Combat
  2730 | D:3      | Found a faded altar of an unknown god.
  3033 | D:3      | Found a bloodstained altar of Trog.
  3034 | D:3      | Noticed a wizard
  3040 | D:3      | Killed a wizard
  3324 | D:4      | Noticed Duvessa
  3324 | D:4      | Noticed Dowan
  3340 | D:4      | Killed Dowan
  3341 | D:4      | Reached XP level 5. HP: 26/33 MP: 6/8
  3377 | D:4      | Found Ysebiugy's Antique Weapon Boutique.
  3387 | D:4      | Bought a scorched short sword for 240 gold pieces
  3387 | D:4      | Identified the +8 short sword of Grace {vorpal, rC+} (You
                  | bought it in a shop on level 4 of the Dungeon)
  3405 | D:4      | Found Waahex's Antique Armour Shop.
  3414 | D:4      | HP: 1/33 [Duvessa/+0 rapier (8)]
  3415 | D:4      | Slain by Duvessa

Illustrated notes

Levels and vault maps discovered:
D:1:      tarquinn_simple_flora_water_f, layout_basic
D:2:      layout_rooms, chequers_serial_rivers_micro_a
D:3:      layout_loops_ring, chequers_ecumenical_altar_grove,
          minmay_misc_feat_chi, hangedman_abyss_or_decor_lesser_grid,
          serial_park_tiny_pond, trog_wizard
D:4:      layout_basic, serial_shops, shop, shop, nicolae_shop_behind_doors,
          shop, nicolae_shop_waterfront, uniq_duvessa, uniq_robin

Skill      XL: |  1  2  3  4 |
---------------+-------------+-----
Stealth        | 1 |  1.6
Unarmed Combat | 4 |  4.3
Fighting       | |  1.1
Dodging        | |  2.7
Spellcasting   | |  2.5
Transmutations | |  2.6

Action                   |  1- 3 |  4- 6 || total
-------------------------+-------+-------++-------
Melee: Unarmed           |   107 |    23 ||   130
       Constrict         |    30 |     8 ||    38
       Tentacles         |    18 |     5 ||    23
       Punch             |     1 |       ||     1
       Kick              |       |     1 ||     1
       Short sword       |       |     5 ||     5
 Cast: Beastly Appendage |       |     2 ||     2
  Use: Scroll            |     3 |     1 ||     4
       Potion            |       |     3 ||     3
 Stab: Sleeping          |     7 |     2 ||     9
Armor: Skin              |    18 |       ||    18
Dodge: Dodged            |    69 |    19 ||    88

Table legend: (Time is in decaauts)
 A = Elapsed time spent in this place.
 B = Non-inter-level travel time spent in this place.
 C = Inter-level travel time spent in this place.
 D = Time resting spent in this place.
 E = Time spent auto-exploring this place.
 F = Levels seen in this place.
 G = Mean time per level.
                   A        B        C        D        E       F      G
               +--------+--------+--------+--------+--------+-----+--------+
         Total |   3405 |   3405 |      0 |    580 |   1953 |   4 |  851.2 |
       Dungeon |   3405 |   3405 |      0 |    580 |   1953 |   4 |  851.2 |
               +--------+--------+--------+--------+--------+-----+--------+

Top non-repeatable levels by time:
     D:2: 1509 daAuts
     D:1: 985 daAuts
     D:3: 726 daAuts
     D:4: 184 daAuts
